[Event "Team 45 45 League T35"]
[Site "Internet Chess Club"]
[Date "2007.11.11"]
[Round "4"]
[White "Avedldesierto"]
[Black "OOB1"]
[Result "1/2-1/2"]
[WhiteElo "1825"]
[BlackElo "1565"]
[Opening "Sicilian: closed"]
[ECO "B24"]
[Time "19:03:32"]
[TimeControl "2700+45"]

1. e4 c5 2. Nc3 Nc6 3. g3 e5 4. Bc4 Nf6 5. d3 a6 6. a3 h6 7. f4 exf4 8. Bxf4 d6
9. Nge2 Nd4 10. Nxd4 cxd4 11. Ne2 d5 12. exd5 Nxd5 13. Qd2 Be6 14. Nxd4 Nxf4 15.
Qxf4 Bxc4 16. dxc4 Bd6 17. Qe4+ Qe7 18. Qxe7+ Bxe7 19. Nf5 Rd8 20. Rd1 g6 21.
Nxe7 Rxd1+ 22. Kxd1 Kxe7 23. Re1+ Kf6 24. Re3 Rc8 25. Rb3 Rc7 26. Kd2 Ke5 27.
Kd3 Rd7+ 28. Ke3 f5 29. Rd3 Rc7 30. b3 Re7 31. Kf3 g5 32. Rd5+ Kf6 33. Rd6+ Kg7
34. Rd5 Rf7 35. b4 f4 36. g4 Rc7 37. c5 Kf6 38. Rd6+ Kg7 39. h3 Re7 40. Rd3 Kf6
41. c4 Kf7 42. b5 Rc7 43. c6 bxc6 44. b6 Re7 45. c5 Re5 46. b7 Re8 47. Rb3 Rb8
48. Rb6 Ke7 49. Rxc6 Rxb7 50. Rxh6 Rb3+ 51. Ke2 Rxa3 52. Rg6 Rxh3 53. Rxg5 Kd7
54. Rf5 Kc6 55. g5 Rg3 56. Rf6+ Kxc5 57. g6 Kd5 58. Rxa6 Ke5 59. Kf2 Kf5 {Game
drawn by mutual agreement} 1/2-1/2

[Event "Team 45 45 League T35"]
[Site "Internet Chess Club"]
[Date "2007.11.10"]
[Round "4"]
[White "keisher415"]
[Black "scottrugby"]
[Result "1-0"]
[WhiteElo "1778"]
[BlackElo "1488"]
[Opening "Sicilian: accelerated fianchetto, modern variation with Bc4"]
[ECO "B35"]
[Time "21:55:44"]
[TimeControl "2700+45"]

1. e4 c5 2. Nf3 g6 3. d4 cxd4 4. Nxd4 Nc6 5. Be3 Nf6 6. Nc3 Bg7 7. Bc4 O-O 8.
Bb3 d6 9. f3 Bd7 10. Qd2 a6 11. O-O-O Rc8 12. h4 b5 13. Nxc6 Bxc6 14. Ne2 a5 15.
a3 a4 16. Ba2 Nxe4 17. fxe4 Bxe4 18. c3 Bxg2 19. Rhg1 Bf3 20. Rde1 h5 21. Rxg6
Kh7 22. Rxg7+ Kxg7 23. Bh6+ Kh7 24. Bb1+ Kh8 25. Bg7+ Kg8 26. Nd4 e6 27. Qh6 f5
28. Nxf3 Rc7 29. Qh8+ Kf7 30. Ng5+ Ke7 31. Qxf8+ Qxf8 32. Bxf8+ Kd8 33. Nxe6+
Ke8 34. Nxc7+ Kxf8 {Black resigns} 1-0

[Event "Team 45 45 League T35"]
[Site "Internet Chess Club"]
[Date "2007.11.11"]
[Round "4"]
[White "Just-Jim"]
[Black "stpatzer"]
[Result "0-1"]
[WhiteElo "1352"]
[BlackElo "1389"]
[Opening "Sicilian"]
[ECO "B50"]
[Time "19:32:11"]
[TimeControl "2700+45"]

1. e4 c5 2. Nf3 d6 3. h3 Nc6 4. Bc4 h6 5. d3 e6 6. Bb5 Bd7 7. O-O Nf6 8. Nc3 Be7
9. Bxc6 Bxc6 10. Re1 O-O 11. e5 dxe5 12. Nxe5 Qc7 13. Qd2 Bd6 14. Nxc6 Qxc6 15.
Ne4 Nxe4 16. Rxe4 Rad8 17. Rg4 f5 18. Rg6 Kf7 19. Rxg7+ Kxg7 20. Qxh6+ Kf7 21.
Bg5 Qd7 22. Re1 e5 23. Qf6+ Kg8 24. Qg6+ Qg7 25. Qe6+ Qf7 26. Qxf7+ Kxf7 27.
Bxd8 Rxd8 28. g3 Kf6 29. Kg2 b6 30. h4 Re8 31. h5 Kg5 32. Rh1 Rh8 33. f4+ exf4
34. gxf4+ Bxf4 35. Kf3 Be5 36. b3 Rxh5 37. Rg1+ Kh6 38. Re1 Bf6 39. Re6 Kg5 40.
Re8 Rh8 41. Re2 Rh4 42. Rg2+ Rg4 43. Rh2 Be5 44. Rh7 a5 45. Rb7 Rg3+ 46. Kf2 Kf4
47. Rxb6 c4 48. bxc4 Bd4+ 49. Ke2 Bxb6 {White resigns} 0-1

[Event "Team 45 45 League T35"]
[Site "Internet Chess Club"]
[Date "2007.11.11"]
[Round "4"]
[White "Juan73"]
[Black "bmw2002"]
[Result "0-1"]
[WhiteElo "1618"]
[BlackElo "1731"]
[Opening "Caro-Kann defense"]
[ECO "B11"]
[Time "20:07:06"]
[TimeControl "2700+45"]

1. e4 c6 2. Nc3 d5 3. exd5 cxd5 4. d4 Bf5 5. Qf3 e6 6. Bb5+ Nc6 7. Qe2 Nf6 8.
Bg5 a6 9. Bd3 Bxd3 10. Qxd3 Be7 11. Nf3 O-O 12. h4 Qb6 13. O-O h6 14. Be3 Rac8
15. Ne5 Rfd8 16. Qd2 Bf8 17. f4 Ne4 18. Nxe4 dxe4 19. c3 Ne7 20. Qf2 f6 21. Ng4
h5 22. Nh2 f5 23. Kh1 Nd5 24. Rae1 Rd6 25. Re2 Qa5 26. Ra1 b5 27. Nf1 Rdc6 28.
Nd2 b4 29. c4 Nf6 30. Nb3 Qd8 31. Qg3 Rxc4 32. Nc5 Bxc5 33. dxc5 Ng4 34. Bg1 Rc6
35. Qb3 Qd3 36. Qd1 a5 37. Qe1 Rc2 38. Rxc2 Qxc2 39. Rb1 Rc8 40. a3 Rd8 41. axb4
axb4 42. Qc1 Qd3 43. c6 Qg3 44. Qe1 Qd3 45. c7 Rc8 46. Rd1 Qa6 47. Rd8+ Kh7 48.
Rxc8 Qxc8 49. Bb6 Nf6 50. Qxb4 Nd5 51. Qd6 e3 52. Qd8 Nxb6 53. Kg1 Kg6 54. b4
Qa6 55. Qe8+ Kf6 56. Qf8+ Kg6 57. Qe8+ Kf6 58. Qf8+ Kg6 59. Qe8+ Kf6 60. Qd8+
Kf7 61. Qd1 Kg6 62. Qe1 Qd3 63. Qg3+ Kf7 64. Qf3 Qd4 65. Qxh5+ Kg8 66. Qe2 Qxf4
67. Qf3 Qxf3 68. gxf3 f4 69. Kf1 Kh7 70. Kg2 Kh6 71. Kf1 Kh5 72. Kg2 Kxh4 73.
Kg1 Kg3 74. Kf1 Kxf3 75. Ke1 e2 {White resigns} 0-1

[Event "Team 45 45 League T35"]
[Site "Internet Chess Club"]
[Date "2007.11.10"]
[Round "4"]
[White "BrerRabbit"]
[Black "arriero55"]
[Result "1-0"]
[WhiteElo "1610"]
[BlackElo "1536"]
[Opening "King's Indian: 6.Be2"]
[ECO "E91"]
[Time "15:01:15"]
[TimeControl "2700+45"]

1. d4 Nf6 2. c4 g6 3. Nc3 Bg7 4. e4 d6 5. Be2 O-O 6. Nf3 Nbd7 7. e5 dxe5 8. dxe5
Ng4 9. e6 fxe6 10. O-O a6 11. Ng5 Nde5 12. Bxg4 Qxd1 13. Bxd1 Nxc4 14. Bb3 b5
15. Bxc4 bxc4 16. Be3 Rb8 17. Rab1 h6 18. Nf3 Bb7 19. Nd4 e5 20. Ne6 Rf7 21.
Nxg7 Kxg7 22. Rfd1 e6 23. b3 Bc6 24. bxc4 Rff8 25. f3 g5 26. h3 Kg6 27. Ne4 Bxe4
28. fxe4 Rfe8 29. g4 Rec8 30. Bc5 Kf7 31. Rd7+ Ke8 32. Re7+ Kf8 33. Rxc7+ Kg8
34. Rxc8+ Rxc8 35. Bf2 Rxc4 36. Rb6 Kf7 37. Rxa6 Rxe4 38. Kg2 Re2 39. Kf3 Rc2
40. Be3 Rc4 41. a4 e4+ 42. Ke2 Rc2+ 43. Kf1 Ra2 44. a5 Kf6 45. Bd4+ Kf7 46. Ra7+
Kg6 47. Kg1 h5 48. Ra8 hxg4 49. hxg4 Ra4 50. Bb6 Kf6 51. Bd8+ Kg6 52. Ra6 Kf7
53. Ra7+ Kg6 54. Ra6 Kf7 55. Bxg5 e3 56. Bxe3 Rxg4+ 57. Kf2 Rg8 58. Rc6 Ra8 59.
Bb6 Ke7 60. Ke3 Kd7 61. Rc5 Kd6 62. Kd4 Kd7 63. Ke5 Rc8 64. Rb5 Kc6 65. Rc5+ Kd7
66. Rb5 Kc6 67. Rb2 Kd7 68. Rd2+ Ke7 69. Rd6 Ra8 70. Rxe6+ Kd7 71. Rd6+ Kc8 72.
Kd5 Kb7 73. Kc5 Rc8+ 74. Kb5 Ra8 75. Rd7+ Kc8 76. Kc6 {Black resigns} 1-0

[Event "Team 45 45 League T35"]
[Site "Internet Chess Club"]
[Date "2007.11.10"]
[Round "4"]
[White "jjmolina"]
[Black "allanchs"]
[Result "1-0"]
[WhiteElo "1551"]
[BlackElo "1534"]
[Opening "Giuoco Piano"]
[ECO "C54"]
[Time "09:58:48"]
[TimeControl "2700+45"]

1. e4 e5 2. Nf3 Nc6 3. Bc4 Bc5 4. c3 Nf6 5. d4 exd4 6. cxd4 Bb4+ 7. Bd2 Bxd2+ 8.
Nbxd2 d6 9. O-O O-O 10. d5 Ne5 11. Nxe5 dxe5 12. Re1 Qd6 13. Bd3 Re8 14. Nc4 Qc5
15. a3 Bg4 16. Qc2 Rad8 17. Ne3 Qxc2 18. Bxc2 Bd7 19. f3 Kf8 20. Kf2 Bb5 21. b4
c6 22. a4 Ba6 23. Bb3 cxd5 24. b5 d4 25. Nd5 Nxd5 26. Bxd5 Rc8 27. bxa6 bxa6 28.
Rec1 Ke7 29. Ke2 f6 30. Kd3 Kd6 31. Rab1 h6 32. Bb7 Rb8 33. Bxa6 Rb6 34. Rxb6+
axb6 35. Bb5 Re7 36. Rc6+ Kd7 37. Rxb6+ Kc7 38. Rc6+ Kb7 39. Rd6 Rc7 40. Rd7
{Black resigns} 1-0

[Event "Team 45 45 League T35"]
[Site "Internet Chess Club"]
[Date "2007.11.11"]
[Round "4"]
[White "Andruw"]
[Black "cityprosecutor"]
[Result "1/2-1/2"]
[WhiteElo "1644"]
[BlackElo "1744"]
[Opening "Sicilian: dragon, Yugoslav attack"]
[ECO "B75"]
[Time "11:36:39"]
[TimeControl "2700+45"]

1. e4 c5 2. Nf3 d6 3. d4 cxd4 4. Nxd4 Nf6 5. Nc3 g6 6. Be3 Bg7 7. f3 Nc6 8. Qd2
Bd7 9. Bc4 Ne5 10. Bb3 h5 11. O-O-O Rc8 12. Kb1 Nc4 13. Bxc4 Rxc4 14. h4 O-O 15.
Nde2 b5 16. Bh6 b4 17. Bxg7 Kxg7 18. Nd5 a5 19. Nxf6 Kxf6 20. Qg5+ Kg7 21. g4
Rc5 22. Qf4 Qc7 23. Ng3 Rh8 24. gxh5 gxh5 25. Rhg1 Kf8 26. Rg2 Ke8 27. Rdg1 Bh3
28. Rh2 Be6 29. Rhg2 a4 30. Nf5 Bxf5 31. exf5 Rc4 32. Qg3 a3 33. b3 Rd4 34. f4
Qc3 35. Qxc3 bxc3 36. Rg3 Rxf4 37. Rxc3 Kd7 38. Rh3 Rg8 39. Re1 Rxf5 40. c4 Rg2
41. b4 Rff2 42. Rxa3 Rb2+ 43. Ka1 Rxb4 44. Ra7+ Kc6 45. Raxe7 Rxc4 46. Rxf7 Rxh4
47. Rd1 d5 48. Rf8 d4 49. a4 d3 50. Rd8 Rxa4+ 51. Kb1 Ra3 52. R1xd3 Rxd3 53.
Rxd3 Rh2 54. Kc1 h4 55. Kd1 h3 56. Ke1 Rh1+ 57. Kf2 h2 58. Kg2 {Game drawn by
mutual agreement} 1/2-1/2

[Event "Team 45 45 League T35"]
[Site "Internet Chess Club"]
[Date "2007.11.09"]
[Round "4"]
[White "mickeys"]
[Black "GolfSuper"]
[Result "1-0"]
[WhiteElo "1627"]
[BlackElo "1646"]
[Opening "QGD semi-Slav: Meran, Wade variation"]
[ECO "D47"]
[Time "19:01:07"]
[TimeControl "2700+45"]

1. d4 d5 2. Nf3 Nf6 3. c4 c6 4. e3 e6 5. Nc3 Nbd7 6. Bd3 dxc4 7. Bxc4 b5 8. Bd3
Bb7 9. O-O a6 10. Bd2 c5 11. a4 b4 12. Na2 a5 13. Qe2 cxd4 14. Nxd4 Be7 15. Bb5
Rc8 16. Rac1 O-O 17. Nc6 Bxc6 18. Rxc6 Rxc6 19. Bxc6 Nb6 20. Rc1 Nbd5 21. e4 Nb6
22. Be3 Qb8 23. Qb5 Ng4 24. Qxb6 Qxh2+ 25. Kf1 Nxe3+ 26. Qxe3 Qh1+ 27. Ke2 Qxg2
28. Qf3 Qg5 29. Rc2 Rc8 30. Nc1 Bf6 31. Nd3 Bd4 32. Kf1 e5 33. Bd5 Rf8 34. Nc5
Bxc5 35. Rxc5 Qd8 36. Qf5 Qd6 37. Rxa5 Kh8 38. Ra7 f6 39. Qg4 g6 40. Qd7 Qxd7
41. Rxd7 Rb8 42. a5 Rb5 43. a6 {Black resigns} 1-0

[Event "Team 45 45 League T35"]
[Site "Internet Chess Club"]
[Date "2007.11.09"]
[Round "4"]
[White "twinders"]
[Black "IronWill"]
[Result "1-0"]
[WhiteElo "1642"]
[BlackElo "1531"]
[Opening "Nimzo-Indian: three knights variation"]
[ECO "E21"]
[Time "00:01:35"]
[TimeControl "2700+45"]

1. d4 Nf6 2. c4 e6 3. Nc3 Bb4 4. Nf3 c5 5. Bg5 cxd4 6. Qxd4 Nc6 7. Qd3 b6 8. e4
Qc7 9. Bxf6 gxf6 10. a3 Bxc3+ 11. Qxc3 e5 12. Nh4 Nd4 13. O-O-O Ba6 14. Nf5 Nxf5
15. exf5 Qc5 16. Rd2 Rc8 17. Rc2 Rg8 18. b4 Qd4 19. Qxd4 exd4 20. b5 d3 21. Bxd3
Bb7 22. f3 Rc5 23. Re1+ Kd8 24. Be4 Re8 25. Ree2 Rce5 26. Bd3 Re3 27. Rxe3 Rxe3
28. Kd2 Re5 29. Kc3 d5 30. Re2 Kd7 31. Kd4 Kd6 32. g4 dxc4 33. Kxc4 Bxf3 34.
Rxe5 Kxe5 35. h3 Kf4 36. Bf1 Kg3 37. Kd4 Kf4 38. Kd3 h5 39. gxh5 Bxh5 40. Kd4
Kxf5 41. Kd5 Bf3+ 42. Kd6 Ke4 43. Kc7 Ke3 44. Kb8 Kf2 45. Bc4 Kg3 46. Kxa7 f5
47. Kxb6 f4 48. a4 Kxh3 49. a5 Bg2 50. a6 f3 51. a7 f2 52. Kc7 f5 53. b6 f4 54.
b7 f3 55. b8=Q f1=Q 56. Bxf1 Bxf1 57. a8=Q f2 58. Qh8+ Kg3 59. Qag8+ Kf3 60.
Qf6+ Ke2 61. Qge6+ {Black resigns} 1-0

[Event "Team 45 45 League T35"]
[Site "Internet Chess Club"]
[Date "2007.11.12"]
[Round "4"]
[White "Russ"]
[Black "strudel"]
[Result "1/2-1/2"]
[WhiteElo "1230"]
[BlackElo "1410"]
[Opening "QGD: Orthodox defense, Botvinnik variation"]
[ECO "D60"]
[Time "10:00:13"]
[TimeControl "2700+45"]

1. d4 d5 2. c4 e6 3. Nc3 Nf6 4. Bg5 Be7 5. Nf3 Nbd7 6. e3 O-O 7. Bd3 b6 8. cxd5
Nxd5 9. Bxe7 Qxe7 10. Qc2 N7f6 11. a3 Bb7 12. Qe2 Nxc3 13. bxc3 Ne4 14. Bxe4
Bxe4 15. O-O Qf6 16. Rfd1 Bxf3 17. Qxf3 Qxf3 18. gxf3 Rac8 19. c4 c5 20. d5 exd5
21. Rxd5 Rfd8 22. Rad1 Rxd5 23. cxd5 {Game drawn by mutual agreement} 1/2-1/2

[Event "Team 45 45 League T35"]
[Site "Internet Chess Club"]
[Date "2007.11.11"]
[Round "4"]
[White "twintower"]
[Black "Fysh"]
[Result "0-1"]
[WhiteElo "1611"]
[BlackElo "1835"]
[Opening "French: exchange variation"]
[ECO "C01"]
[Time "08:00:58"]
[TimeControl "2700+45"]

1. e4 e6 2. d4 d5 3. exd5 exd5 4. Nc3 Nf6 5. Be2 Be7 6. Nf3 Bg4 7. O-O O-O 8.
Qd3 Nbd7 9. Nd1 c5 10. c4 dxc4 11. Qxc4 Nb6 12. Qd3 c4 13. Qd2 Rc8 14. Ne3 Be6
15. Qc2 Nbd5 16. Bd2 Nb4 17. Qa4 a5 18. a3 b5 19. Qxb5 Bd7 20. Qe5 Nc6 21. Qf4
Be6 22. Ne5 Nxd4 23. Rfe1 Nb3 24. N3xc4 Nxa1 25. Bxa5 Qd5 26. Rd1 Qc5 27. Bb4
Qa7 28. Bxe7 Bxc4 29. Nxc4 Qxe7 {White resigns} 0-1

[Event "Team 45 45 League T35"]
[Site "Internet Chess Club"]
[Date "2007.11.12"]
[Round "4"]
[White "sean98"]
[Black "Lyko"]
[Result "1-0"]
[WhiteElo "1543"]
[BlackElo "1346"]
[Opening "Alekhine's defense: modern variation, 4...Bg4"]
[ECO "B05"]
[Time "14:36:36"]
[TimeControl "2700+45"]

1. e4 Nf6 2. e5 Nd5 3. d4 d6 4. Nf3 Bg4 5. Bc4 dxe5 6. dxe5 e6 7. O-O Nc6 8. Bb5
Be7 9. h3 Bh5 10. c4 Nb6 11. Bxc6+ bxc6 12. Qb3 h6 13. Rd1 Qc8 14. Nbd2 O-O 15.
Nf1 Qa6 16. Ng3 Bg6 17. Nd2 Rab8 18. Qc3 Na4 19. Qf3 Nxb2 20. Bxb2 Rxb2 21. a3
Rd8 22. Nge4 Qb6 23. Qc3 Rb8 24. c5 Qa6 25. Qe3 Rc2 26. Rab1 Rbb2 27. Rxb2 Rxb2
28. Qc3 Qb5 29. a4 Qb4 30. Qxb4 Rxb4 31. f3 Rxa4 32. Rb1 Bxc5+ 33. Nxc5 Bxb1 34.
Nxa4 Bc2 35. Nc5 Kf8 36. Kf2 Ke7 37. Ke3 f6 38. f4 {Black resigns} 1-0

[Event "Team 45 45 League T35"]
[Site "Internet Chess Club"]
[Date "2007.11.13"]
[Round "4"]
[White "Mitch99"]
[Black "kingphisch"]
[Result "1-0"]
[WhiteElo "1450"]
[BlackElo "1490"]
[Opening "Caro-Kann: exchange variation"]
[ECO "B13"]
[Time "15:03:54"]
[TimeControl "2700+45"]

1. e4 c6 2. d4 d5 3. exd5 cxd5 4. Nf3 Nc6 5. Bb5 Bg4 6. h3 Bxf3 7. Qxf3 Nf6 8.
c4 e6 9. Nc3 Be7 10. cxd5 Nxd5 11. Nxd5 exd5 12. O-O O-O 13. Be3 Rc8 14. Rac1 a6
15. Bd3 Bf6 16. Rc5 Ne7 17. b4 Rxc5 18. bxc5 Nc6 19. Rb1 Bxd4 20. Bxd4 Nxd4 21.
Bxh7+ Kxh7 22. Qd3+ Kg8 23. Qxd4 Qd7 24. Rb6 Rd8 25. Rd6 Qe7 26. Qxd5 Rxd6 27.
cxd6 Qd7 28. f4 Kf8 29. f5 Qc6 30. Qxc6 bxc6 31. f6 gxf6 32. h4 c5 33. h5 c4 34.
h6 c3 35. h7 Kg7 36. d7 c2 37. h8=Q+ Kxh8 38. d8=Q+ Kg7 39. Qc8 c1=Q+ 40. Qxc1
{Black resigns} 1-0

[Event "Team 45 45 League T35"]
[Site "Internet Chess Club"]
[Date "2007.11.11"]
[Round "4"]
[White "Klondike"]
[Black "oldsj"]
[Result "0-1"]
[WhiteElo "1464"]
[BlackElo "1609"]
[Opening "Giuoco Piano"]
[ECO "C54"]
[Time "09:07:38"]
[TimeControl "2700+45"]

1. e4 e5 2. Nf3 Nc6 3. Bc4 Bc5 4. c3 Nf6 5. d3 O-O 6. O-O d6 7. Bb3 Bg4 8. Be3
Bb6 9. Nbd2 d5 10. Bxb6 axb6 11. Qe1 Re8 12. Qc1 Bxf3 13. gxf3 Nh5 14. Kh1 Nf4
15. Rg1 Ne2 16. Qc2 Nxg1 17. Rxg1 Ne7 18. exd5 Nxd5 19. Ne4 Nf4 20. d4 Rf8 21.
Ng5 g6 22. dxe5 Qd3 23. Qc1 Ne2 24. Qd1 Rad8 25. Qxd3 Rxd3 26. Rd1 Rxd1+ 27.
Bxd1 Nf4 28. b4 h6 29. Ne4 Rd8 30. Bb3 Kf8 31. Bc2 Ke7 32. Kg1 Ke6 33. Nf6 h5
34. Ne4 Kxe5 35. Kf1 f5 36. Ng5 Rd2 37. Bb3 Nd3 38. Bc4 Kf4 39. h4 Rxf2+ 40. Kg1
Rd2 41. Ne6+ Kg3 42. Nxc7 Rd1# {White checkmated} 0-1

[Event "Team 45 45 League T35"]
[Site "Internet Chess Club"]
[Date "2007.11.14"]
[Round "4"]
[White "fileman"]
[Black "Nosferatu1"]
[Result "1/2-1/2"]
[WhiteElo "1915"]
[BlackElo "1806"]
[Opening "Sicilian: Nimzovich-Rossolimo attack (without ...d6)"]
[ECO "B30"]
[Time "17:59:54"]
[TimeControl "2700+45"]

1. e4 c5 2. Nf3 Nc6 3. Bb5 e6 4. d4 cxd4 5. Bxc6 dxc6 6. Qxd4 Qxd4 7. Nxd4 Bc5
8. Nb3 Bb4+ 9. c3 Be7 10. O-O Nf6 11. Re1 b6 12. f3 Bb7 13. Be3 O-O-O 14. N1d2
Ba6 15. Rad1 Rd7 16. Nb1 Rhd8 17. Rxd7 Rxd7 18. Kf2 h6 19. g3 Rd3 20. Nc1 Rd8
21. Nb3 Rd3 22. Nc1 Rd8 23. Nb3 Rd3 {Game drawn by repetition} 1/2-1/2

[Event "Team 45 45 League T35"]
[Site "Internet Chess Club"]
[Date "2007.11.10"]
[Round "4"]
[White "AVEMARIA"]
[Black "LoseOften"]
[Result "0-1"]
[WhiteElo "1801"]
[BlackElo "1819"]
[Opening "Sicilian: Alapin's variation (2.c3)"]
[ECO "B22"]
[Time "14:02:09"]
[TimeControl "2700+45"]

1. e4 c5 2. c3 Nf6 3. e5 Nd5 4. Nf3 Nc6 5. Bc4 Nb6 6. Bb3 d5 7. exd6 exd6 8. O-O
Be7 9. d4 Bg4 10. h3 Bh5 11. Re1 O-O 12. Be3 Na5 13. Bc2 Nbc4 14. Qe2 Nxe3 15.
Qxe3 Re8 16. Nbd2 Qd7 17. dxc5 dxc5 18. Qe5 Bxf3 19. Nxf3 Bd6 20. Qh5 g6 21. Qh4
Be7 22. Qf4 Bd6 23. Qh6 Bf8 24. Qh4 Qb5 25. Ba4 Rxe1+ 26. Rxe1 Qxb2 27. Ng5 h6
28. Nxf7 Qxc3 29. Re3 Qa1+ 30. Kh2 Kxf7 31. Rf3+ Kg7 32. Qf4 Qd4 33. Qf7+ Kh8
34. Qxg6 Qd6+ {White resigns} 0-1

[Event "Team 45 45 League T35"]
[Site "Internet Chess Club"]
[Date "2007.11.09"]
[Round "4"]
[White "hansolo1000"]
[Black "cityprosecutor"]
[Result "1-0"]
[WhiteElo "1788"]
[BlackElo "1749"]
[Opening "Grünfeld: exchange variation"]
[ECO "D85"]
[Time "23:12:13"]
[TimeControl "2700+45"]

1. d4 Nf6 2. c4 g6 3. Nc3 d5 4. cxd5 Nxd5 5. Nf3 Bg7 6. Qb3 Nb6 7. Bg5 O-O 8. e3
Be6 9. Qc2 N8d7 10. Rd1 c6 11. Be2 Nf6 12. O-O Nbd5 13. e4 Nxc3 14. bxc3 Qc7 15.
Ne5 Rad8 16. f4 Nxe4 17. Qxe4 Bf5 18. Qf3 f6 19. Bc4+ e6 20. g4 Bc2 21. Bxe6+
Kh8 22. Qg2 Bxd1 23. Nxg6+ hxg6 24. Qh3+ {Black resigns} 1-0

[Event "Team 45 45 League T35"]
[Site "Internet Chess Club"]
[Date "2007.11.11"]
[Round "4"]
[White "Duguesclin"]
[Black "burnsja2003"]
[Result "0-1"]
[WhiteElo "1658"]
[BlackElo "1680"]
[Opening "Réti opening"]
[ECO "A30"]
[Time "12:07:32"]
[TimeControl "2700+45"]

1. Nf3 c5 2. c4 e6 3. Nc3 d6 4. g3 Nf6 5. Bg2 Be7 6. O-O O-O 7. d4 cxd4 8. Nxd4
a6 9. b4 Nbd7 10. Na4 Rb8 11. Bb2 Nb6 12. Nxb6 Qxb6 13. a3 e5 14. Nc2 Be6 15.
Ne3 Rbc8 16. Nd5 Bxd5 17. cxd5 Rc4 18. Qd2 Qa7 19. a4 b6 20. Rfc1 Rfc8 21. Rxc4
Rxc4 22. b5 a5 23. Qd3 Qc7 24. Qa3 Rc2 25. Rc1 Rxc1+ 26. Bxc1 Qc4 27. Bb2 Qxe2
28. Bf3 Qe1+ 29. Kg2 Bf8 30. Bc3 Qb1 31. Bb2 Qc2 32. Kf1 Qc4+ 33. Kg2 Nxd5 34.
Bc1 Nf6 35. Qe3 Qc7 36. Bc6 d5 37. f4 exf4 38. Qxf4 Qxf4 39. gxf4 Bc5 40. Kf3
Kf8 41. f5 Ke7 42. Bf4 d4 43. Ke2 Nh5 44. Be5 g6 45. fxg6 hxg6 46. Kd3 f5 47. h4
Nf6 48. Bxd4 Bxd4 49. Kxd4 Kd6 50. Bf3 Nd7 51. h5 gxh5 52. Bxh5 Nc5 53. Bd1 f4
54. Bc2 f3 55. Ke3 Kd5 56. Kxf3 Kc4 57. Ke3 Kb4 58. Kd4 Nxa4 59. Bxa4 Kxa4 60.
Kc4 Ka3 61. Kd5 Kb4 62. Kc6 a4 63. Kxb6 a3 64. Kc6 a2 65. b6 a1=Q 66. b7 Qc3+
67. Kd7 Qd4+ 68. Kc8 Qc5+ 69. Kd7 Qb6 70. Kc8 Qc6+ 71. Kb8 Kc5 72. Ka7 Qa4+ 73.
Kb8 Kd6 {White resigns} 0-1

[Event "Team 45 45 League T35"]
[Site "Internet Chess Club"]
[Date "2007.11.12"]
[Round "4"]
[White "Qualm"]
[Black "morgado"]
[Result "1/2-1/2"]
[WhiteElo "1610"]
[BlackElo "2044"]
[Opening "King's Indian: Sämisch variation"]
[ECO "E80"]
[Time "07:02:17"]
[TimeControl "2700+45"]

1. e4 g6 2. d4 Bg7 3. c4 d6 4. Nc3 Nf6 5. f3 c6 6. Be3 Nbd7 7. Qd2 Qc7 8. O-O-O
O-O 9. Bh6 a6 10. Kb1 b5 11. Bd3 c5 12. Bxg7 Kxg7 13. cxb5 cxd4 14. Nd5 Nxd5 15.
exd5 e5 16. dxe6 fxe6 17. bxa6 e5 18. h4 Nf6 19. Qg5 Bxa6 20. Bxa6 Rxa6 21. h5
Rc8 22. Qd2 Nxh5 23. Ne2 Qf7 24. b3 Rac6 25. Rc1 Qf5+ 26. Kb2 d3 27. Rxc6 Rxc6
28. Rc1 Ra6 29. Rc7+ Kf6 30. Nc3 Ke6 31. g4 Qxf3 32. gxh5 e4 33. hxg6 hxg6 34.
Qg5 Qf2+ 35. Ka1 Qf1+ 36. Kb2 Qf2+ 37. Ka1 Qf1+ 38. Kb2 Qf2+ {Game drawn by
repetition} 1/2-1/2

[Event "Team 45 45 League T35"]
[Site "Internet Chess Club"]
[Date "2007.11.10"]
[Round "4"]
[White "knightc9mate"]
[Black "crankn8tr"]
[Result "1-0"]
[WhiteElo "1881"]
[BlackElo "1668"]
[Opening "Scandinavian defense, Lasker variation"]
[ECO "B01"]
[Time "12:12:21"]
[TimeControl "2700+45"]

1. e4 d5 2. exd5 Qxd5 3. Nc3 Qa5 4. d4 Nf6 5. Nf3 Bg4 6. h3 Bh5 7. g4 Bg6 8. Ne5
Nbd7 9. Nxg6 hxg6 10. Bg2 O-O-O 11. Qe2 e6 12. Qb5 Qxb5 13. Nxb5 Kb8 14. Bf4
Bb4+ 15. c3 Ba5 16. b4 Bb6 17. a4 a6 18. Na3 Nd5 19. Bd2 Rhe8 20. O-O e5 21.
Bxd5 exd4 22. cxd4 Bxd4 23. Rad1 Ne5 24. Bg2 Nd3 25. Be3 Bxe3 26. fxe3 Ne5 27.
b5 a5 28. Nc2 f6 29. Kf2 Nd3+ 30. Ke2 Nb2 31. Rxd8+ Rxd8 32. Rf4 Nd1 33. Rd4
Rxd4 34. exd4 Nc3+ 35. Kd3 Nxa4 36. Bf3 Nb6 37. Na3 Nd7 38. Be4 g5 39. Kc3 b6
40. Kc4 Kc8 41. Kd5 Kd8 42. Ke6 Nf8+ 43. Kf7 Nd7 44. Kxg7 Ke7 45. Nc4 Nf8 46. d5
Nd7 47. Kg6 Nc5 48. Kf5 Na4 49. Ne3 Nc3 50. Bd3 a4 51. Bc4 a3 52. Nc2 a2 53. Na1
Kd6 54. Kxf6 Nxd5+ 55. Kxg5 Nc3 56. h4 Kc5 57. Bb3 Kxb5 58. h5 Ne4+ 59. Kg6
{Black resigns} 1-0

[Event "Team 45 45 League T35"]
[Site "Internet Chess Club"]
[Date "2007.11.09"]
[Round "4"]
[White "allanchs"]
[Black "latayvia"]
[Result "0-1"]
[WhiteElo "1551"]
[BlackElo "1824"]
[Opening "Giuoco Piano"]
[ECO "C50"]
[Time "08:45:32"]
[TimeControl "2700+45"]

1. e4 e5 2. Nf3 Nc6 3. Bc4 Bc5 4. O-O Nf6 5. d4 Nxd4 6. Nxe5 O-O 7. Be3 Ne6 8.
Bxe6 Bxe3 9. Bxf7+ Rxf7 10. Nxf7 Kxf7 11. fxe3 Kg8 12. Qf3 d6 13. Nc3 c6 14.
Rad1 Qe7 15. Qf4 Ne8 16. Rf2 Be6 17. e5 dxe5 18. Qxe5 Nf6 19. Rd6 Re8 20. Rd1
Ng4 21. Qf4 Nxf2 22. Qxf2 Rf8 23. Qg3 Bc4 24. e4 Qd7 25. h3 Qf7 26. Qg4 Qf2+ 27.
Kh2 Qf6 28. Kg1 Be6 29. Qg3 Bc4 30. Qg4 Qf2+ 31. Kh2 Qxc2 32. Rd7 Bf7 33. Rxb7
Qf2 34. Qg3 Qc5 35. Qg4 Bg6 36. Qe6+ Bf7 37. Qg4 Qe5+ 38. Qg3 Qc5 39. Qg4 g6 40.
Qd7 Qe5+ 41. Kh1 Qf6 42. Rxa7 Rd8 43. Qc7 Rd2 44. Rb7 Qf1+ {White resigns} 0-1

[Event "Team 45 45 League T35"]
[Site "Internet Chess Club"]
[Date "2007.11.09"]
[Round "4"]
[White "qs16"]
[Black "Zornorph"]
[Result "0-1"]
[WhiteElo "1850"]
[BlackElo "2024"]
[Opening "Queen's pawn: London system"]
[ECO "A45"]
[Time "16:02:42"]
[TimeControl "2700+45"]

1. d4 Nf6 2. Bf4 d6 3. e3 Nbd7 4. Nf3 c6 5. Nbd2 Qa5 6. Bd3 e5 7. dxe5 dxe5 8.
Bg5 e4 9. Bxf6 Nxf6 10. Be2 exf3 11. Bxf3 Be7 12. O-O O-O 13. Qe2 Be6 14. b3 Qc3
15. Ne4 Nxe4 16. Bxe4 Rad8 17. Bd3 Bf6 18. Rab1 Rfe8 19. f4 Bd5 20. e4 Bxe4 21.
Rbe1 Bd4+ 22. Kh1 f5 23. Bc4+ Kh8 24. Rf3 Qxc2 25. Rh3 Bxg2+ 26. Qxg2 Rxe1+ 27.
Bf1 Qxg2+ 28. Kxg2 {White resigns} 0-1

[Event "Team 45 45 League T35"]
[Site "Internet Chess Club"]
[Date "2007.11.11"]
[Round "4"]
[White "kabindra"]
[Black "QueensCounselor"]
[Result "0-1"]
[WhiteElo "1781"]
[BlackElo "1763"]
[Opening "Sicilian: Najdorf, 7...Be7 main line"]
[ECO "B99"]
[Time "11:02:25"]
[TimeControl "2700+45"]

1. e4 c5 2. Nf3 d6 3. d4 cxd4 4. Nxd4 Nf6 5. Nc3 e6 6. Bg5 Be7 7. f4 a6 8. Qf3
Qc7 9. O-O-O Nbd7 10. g4 b5 11. Bg2 Bb7 12. Bxf6 Nxf6 13. g5 Nd7 14. h4 b4 15.
Nce2 Nc5 16. Ng3 d5 17. e5 g6 18. h5 O-O-O 19. Kb1 a5 20. Nb3 Qb6 21. Nxc5 Bxc5
22. hxg6 hxg6 23. Rxh8 Rxh8 24. Rh1 Rd8 25. c3 Kb8 26. Ne2 Rd7 27. cxb4 axb4 28.
Qb3 Ba6 29. Bf3 Ra7 30. Rh8+ Kb7 31. Bxd5+ exd5 32. Qxd5+ Qc6 33. Rb8+ Kxb8 34.
Qxc6 Bd3+ 35. Kc1 Rc7 36. Qf3 Bxe2 37. Qxe2 Be3+ {White resigns} 0-1

[Event "Team 45 45 League T35"]
[Site "Internet Chess Club"]
[Date "2007.11.12"]
[Round "4"]
[White "Socraticchess"]
[Black "tammany"]
[Result "1-0"]
[WhiteElo "1717"]
[BlackElo "1567"]
[Opening "Sicilian: Grand Prix attack"]
[ECO "B21"]
[Time "21:03:28"]
[TimeControl "2700+45"]

1. e4 c5 2. f4 d5 3. exd5 Qxd5 4. Nc3 Qd8 5. Nf3 Nc6 6. Bb5 Bd7 7. O-O g6 8. a4
Nd4 9. Re1 Nxb5 10. axb5 Bg4 11. h3 Bxf3 12. Qxf3 b6 13. Qc6+ Qd7 14. Qxa8+ Qd8
15. Rxa7 Bg7 16. Qc6+ {Black resigns} 1-0